 Dungeon Crawl Stone Soup version 0.31-a0-841-g038b102fc3 (webtiles) character file.

Game seed: 16799555704626781615

219 Kurtz the Chopper (level 5, 0/36 HPs)
             Began as an Octopode Fighter on Sept 27, 2023.
             Slain by a gnoll
             ... wielding a +0 club
              (5 damage)
             ... on level 4 of the Dungeon.
             The game lasted 00:01:57 (2063 turns).

Kurtz the Chopper (Octopode Fighter)                Turns: 2063, Time: 00:01:58

Health: 0/36       AC:  1    Str: 15    XL:     5   Next: 96%
Magic:  5/5        EV: 13    Int: 10    God:
Gold:   40         SH:  5    Dex: 14    Spells: 4/4 levels left

rFire   . . .        m - +1 whip (venom)
rCold   . . .        b - +0 buckler
rNeg    . . .        (helmet restricted)
rPois   .            (no amulet)
rElec   .            (no ring)
rCorr   .            (no ring)
SInv    .            (no ring)
Will    .....        (no ring)
Stlth   ++           (no ring)
HPRegen 0.26/turn    (no ring)
MPRegen 0.09/turn    (no ring)
                     (no ring)

%: no passive effects
@: mighty
A: almost no armour, amphibious, 8 rings, camouflage 1, gelatinous body 1,
(nimble swimmer 1), tentacles
a: no special abilities


You were on level 4 of the Dungeon.
You visited 1 branch of the dungeon, and saw 4 of its levels.

You collected 95 gold pieces.
You spent 55 gold pieces at shops.

Inventory:

Hand Weapons
 a - a +0 war axe
 m - a +1 whip of venom (weapon)
Armour
 b - a +0 buckler (worn)
Scrolls
 e - a scroll of fear {unknown}
 f - a scroll of enchant armour {unknown}
 h - a scroll of revelation {unknown}
 i - 3 scrolls of teleportation
 j - 3 scrolls of identify
 k - 2 scrolls of immolation {unknown}
 q - a scroll of noise {unknown}
Potions
 d - a potion of degeneration {unknown}
 g - a potion of lignification {unknown}
 l - 2 potions of enlightenment {unknown}
 n - a potion of brilliance {unknown}
 o - 3 potions of curing {unknown}
 p - a potion of mutation {unknown}


   Skills:
 - Level 3.0 Fighting
 * Level 6.0 Axes
 - Level 3.0 Dodging
 - Level 3.0 Shields


You had 4 spell levels left.
You didn't know any spells.
Your spell library was empty.

Dungeon Overview and Level Annotations

Branches:
Dungeon (3/15)

Altars:

Shops:
D:3 ?


Innate Abilities, Weirdness & Mutations

You cannot wear most types of armour.
You are amphibious.
You can wear up to eight rings at the same time.
Your skin changes colour to match your surroundings (Stealth+).
Your rubbery body absorbs attacks. (AC +1, EV +1)
((You are camouflaged when in or above water. (Stealth+)))
You have tentacles for arms and can constrict up to eight enemies at once.


Message History

You hit the phantom but do no damage.
The phantom is almost destroyed.
You block the phantom's attack. The gnoll closely misses you.
You feel very mighty all of a sudden. The phantom closely misses you.
You closely miss the gnoll. You grab the gnoll. You constrict the gnoll.
The phantom hits you!
The phantom blinks!
You blink.
You lose your grip on the gnoll.
Unknown command.
You completely miss the phantom.
The phantom is almost destroyed.
The phantom hits you.
A gnoll comes into view. It is wielding a +0 flail.
You closely miss the phantom. Your squeeze misses the phantom.
The phantom is severely damaged.
The phantom barely misses you.
A gnoll comes into view. It is wielding a +0 spear.
Unknown command.
You closely miss the phantom.
The phantom is severely damaged.
The gnoll shouts!
The phantom hits you. The gnoll closely misses you.
The gnoll hits you with a +0 club.
* * * LOW HITPOINT WARNING * * *
You hit the gnoll.
The gnoll is poisoned.
Your grab misses the gnoll.
The gnoll is heavily wounded.
You block the phantom's attack. The gnoll hits you with a +0 whip.
* * * LOW HITPOINT WARNING * * *
The gnoll barely misses you.
Unknown command.
Unknown command.
You whack the gnoll!
You kill the gnoll!
You block the phantom's attack. The gnoll closely misses you.
Your Axes skill increases to level 6!
Unknown command.
You closely miss the phantom.
The phantom is severely damaged.
The phantom barely misses you. The gnoll hits you with a +0 club.
You die...

###...####§..)..#
#.....#.....)####
#....>.......#
.##.....#..!...#
........?..##...#
#.........###.#.#
...........##.#[#
.#......)..#....#
.......@gg....#.#
.#.#...#W†g..##.###
...#..............g
.#...##......##..##
....##......## .#
.........../.#
.$..#..$....... .#
............
..#...$.....


You could see a phantom and 3 gnolls.

Vanquished Creatures
  A scorpion (D:2)
  Jessica (D:2)
  7 adders
  A gnoll (D:4)
  2 dart slugs (D:4)
  An orc (D:2)
  2 ball pythons (D:1)
  8 bats
  10 endoplasms
  3 giant cockroaches
  3 goblins
  4 hobgoblins
  3 quokkas
  4 frilled lizards
  6 kobolds
  7 rats
63 creatures vanquished.

Notes
Turn   | Place    | Note
-------+----------+-------------------------------------------
     0 | D:1      | Kurtz the Octopode Fighter began the quest for the Orb.
     0 | D:1      | Reached XP level 1. HP: 16/16 MP: 1/1
    57 | D:1      | Found a faded altar of an unknown god.
   103 | D:1      | Reached XP level 2. HP: 21/21 MP: 2/2
   231 | D:1      | Reached skill level 3 in Axes
   549 | D:2      | Noticed a scorpion
   556 | D:2      | Killed a scorpion
   557 | D:2      | Reached skill level 4 in Axes
   557 | D:2      | Reached XP level 3. HP: 16/26 MP: 3/3
   557 | D:2      | Reached XP level 4. HP: 19/31 MP: 4/4
   568 | D:2      | Noticed Jessica
   578 | D:2      | Killed Jessica
   780 | D:2      | Reached skill level 5 in Axes
   784 | D:2      | Reached XP level 5. HP: 36/36 MP: 5/5
  1824 | D:3      | Found Efev's Magic Scroll Shoppe.
  1841 | D:3      | Bought a scroll of identify for 22 gold pieces
  1841 | D:3      | Bought a scroll of teleportation for 33 gold pieces
  2021 | D:3      | You fall into a shaft and drop 1 floor!
  2036 | D:4      | Noticed a phantom
  2063 | D:4      | Reached skill level 6 in Axes
  2063 | D:4      | Slain by a gnoll

Illustrated notes

Levels and vault maps discovered:
D:1:      lightli_arrival_lavapool, layout_rooms,
          hellmonk_ecumenical_altar_pennies_from_heaven
D:2:      minmay_angry_zag, layout_loops_cross, minmay_misc_feat_cross,
          uniq_jessica
D:3:      layout_basic, general_overflow_altar, serial_shops,
          nicolae_shop_advertising_works [nicolae_subvault_shop_adworks],
          nicolae_houndstooth_variations
D:4:      layout_rooms, minmay_temple_entry_offerings, serial_glass,
          glass_columns_a, glass_columns_b, glass_columns_b, glass_columns_a,
          glass_columns_a, glass_columns_a, serial_shops, shop

Skill      XL: |  1  2  3  4  5 |
---------------+----------------+-----
Axes           | 4 5 6 |  6.0
Fighting       | |  3.0
Dodging        | |  3.0
Shields        | |  3.0

Action                     |  1- 3 |  4- 6 || total
---------------------------+-------+-------++-------
  Melee: War axe           |    39 |    32 ||    71
         Constrict         |     9 |    20 ||    29
         Tentacles         |     9 |    21 ||    30
         Punch             |     1 |       ||     1
         Whip              |       |    61 ||    61
    Use: Potion            |       |     1 ||     1
   Stab: Sleeping          |     3 |     7 ||    10
 Armour: Skin              |    18 |    45 ||    63
  Dodge: Dodged            |    21 |    31 ||    52
  Block: Buckler           |     6 |    16 ||    22

Table legend: (Time is in decaauts)
 A = Elapsed time spent in this place.
 B = Non-inter-level travel time spent in this place.
 C = Inter-level travel time spent in this place.
 D = Time resting spent in this place.
 E = Time spent auto-exploring this place.
 F = Levels seen in this place.
 G = Mean time per level.
                   A        B        C        D        E       F      G
               +--------+--------+--------+--------+--------+-----+--------+
         Total |   2083 |   2054 |     29 |    110 |   1526 |   4 |  520.8 |
       Dungeon |   2083 |   2054 |     29 |    110 |   1526 |   4 |  520.8 |
               +--------+--------+--------+--------+--------+-----+--------+

Top non-repeatable levels by time:
     D:2: 1074 daAuts
     D:1: 539 daAuts
     D:3: 428 daAuts
     D:4: 40 daAuts
